Map: 凯罗斯中转站-天梯版

Players

Kelazhur - Winner!

  • Race: Terran Terran

ShahriarDeMi

  • Race: Terran Terran
  • League: Diamond

Event: WESG 2018 Grand Finals

VOD

Have the link to the VOD?

Description

Time

  • Played on: March 12, 2019, 12:45 a.m.
  • Length: 6:22

All games in this series

Show
View Real Time Build Order
Export as new Build Order

Kelazhur Terran - Winner!

Build Orders: 1/1/1, Liberator Opening 

Get SALT Encoding   

  12  0:00  SCV  
  13  0:12  SCV  
  14  0:17  Supply Depot  
  14  0:25  SCV  
  15  0:28  Refinery  
  15  0:38  SCV  
  16  0:44  Barracks  
  16  0:51  SCV  
  16  0:54  Refinery  
  17  1:03  SCV  
  18  1:15  SCV  
  19  1:30  Orbital Command  
  19  1:31  Factory  
  19  1:33  Reaper  
  20  1:42  Supply Depot  
  20  1:56  SCV  
  21  2:05  Reaper  
  21  2:08  SCV  
  25  2:16  Hellion  
  25  2:17  Starport  
  25  2:20  SCV  
  26  2:23  Supply Depot  
  26  2:32  SCV  
  29  2:37  Hellion, Reaper  
  29  2:44  SCV, Liberator  
  30  2:49  Supply Depot  
  31  2:58  SCV  
  31  3:01  Hellion  
  37  3:11  SCV  
  38  3:26  SCV  
  39  3:28  Command Center  
  39  3:30  Factory Tech Lab, Barracks Reactor  
  39  3:44  SCV  
  39  3:50  Cyclone  
  39  3:55  Supply Depot  
  42  3:56  SCV  
  42  3:59  Starport Tech Lab  
  43  4:08  Marine x2, SCV  
  46  4:20  SCV  
  47  4:24  Siege Tank  
  47  4:25  Marine  
  47  4:26  Refinery, Marine  
  49  4:33  SCV  
  49  4:36  Raven  
  52  4:43  Marine x2  
  52  4:45  SCV  
  55  4:57  SCV  
  55  4:59  Siege Tank  
  60  5:00  Orbital Command  
  60  5:01  Marine x2  
  60  5:06  Supply Depot  
  61  5:09  SCV  
  62  5:21  SCV  
  63  5:24  Raven  
  63  5:28  SCV  
  66  5:30  Marine  
  66  5:31  Marine  
  66  5:33  SCV  
  66  5:35  Supply Depot, Siege Tank  
  72  5:39  Supply Depot  
  72  5:40  SCV  
  73  5:45  SCV  
  74  5:52  SCV  
  70  5:57  SCV  
  62  6:04  SCV  
  62  6:09  SCV  
Show
View Real Time Build Order
Export as new Build Order

ShahriarDeMi Terran 

Build Orders:  

Get SALT Encoding   

  12  0:00  SCV  
  13  0:12  SCV  
  14  0:17  Supply Depot  
  14  0:25  SCV  
  15  0:31  Refinery  
  15  0:39  SCV  
  16  0:45  Barracks  
  16  0:51  SCV  
  16  0:56  Refinery  
  17  1:03  SCV  
  18  1:15  SCV  
  19  1:32  Reaper, Orbital Command  
  20  1:38  Factory  
  20  1:48  Supply Depot  
  20  1:58  SCV  
  21  2:04  Reaper  
  22  2:12  SCV  
  25  2:23  Hellion  
  25  2:24  SCV  
  26  2:31  Command Center  
  26  2:39  SCV  
  26  2:41  Barracks Reactor  
  26  2:44  Starport  
  27  2:48  Factory Tech Lab  
  27  2:53  SCV  
  28  3:05  SCV  
  28  3:09  Cyclone  
  30  3:17  Marine, Supply Depot  
  31  3:24  Marine  
  31  3:35  Marine  
  31  3:38  Viking  
  31  3:42  Marine  
  32  3:53  Marine, SCV  
  34  3:57  Orbital Command  
  34  4:00  Marine  
  35  4:11  Marine  
  35  4:13  SCV  
  35  4:16  Factory Tech Lab, Raven  
  38  4:19  Marine  
  39  4:25  SCV  
  34  4:37  Marine x2, Siege Tank  
  39  4:39  SCV  
  40  4:55  Marine x2, Orbital Command  
  42  5:05  Raven  
  42  5:06  SCV  
  45  5:10  Barracks  
  45  5:11  Barracks  
  45  5:13  Marine  
  46  5:19  SCV  
  46  5:20  Engineering Bay  
  46  5:21  SCV  
  48  5:31  Siege Tank, SCV  
  48  5:33  Marine  
  48  5:34  Marine  
  54  5:39  SCV  
  55  5:43  SCV  
  55  5:49  Missile Turret  
  56  5:51  Marine x2, SCV  
  56  5:55  SCV  
  49  6:03  Marine x2  
Tags
 
Add a new tag
Caveats
  • Supply blocks, unpowered buildings, or Contaminate may cause inaccurate times.
  • Supply counts are checked every 10 seconds.